 Dungeon Crawl Stone Soup version 0.25-a0-589-g1e14c549ee (webtiles) character file.

Game seed: 1001564066990432721, levelgen mode: deterministic

8 Eurus the Sneak (level 2, 4/15 HPs)
             Began as a Spriggan Assassin on Mar 12, 2020.
             Quit the game on level 2 of the Dungeon.
             The game lasted 00:02:21 (475 turns).

Eurus the Sneak (Spriggan Assassin)                  Turns: 475, Time: 00:02:22

Health: 4/15       AC:  3    Str:  7    XL:     2   Next: 0%
Magic:  3/3        EV: 17    Int: 12    God:
Gold:   53         SH:  0    Dex: 17    Spells: 1/1 levels left

rFire    . . .     SeeInvis +   a - +2 dagger
rCold    . . .     Gourm    .   (shield restricted)
rNeg     . . .     Faith    .   b - +0 robe
rPois    .         Spirit   .   (helmet restricted)
rElec    .         Reflect  .   c - +0 cloak
rCorr    .         Harm     .   (gloves unavailable)
MR       .....                  (boots unavailable)
Stlth    +++.......             (no amulet)
HPRegen  0.05/turn              (no ring)
MPRegen  0.08/turn              (no ring)

@: very quick
A: very small, unfitting armour, see invisible, herbivore, speed 3, slow
metabolism 2
a: no special abilities


You were on level 2 of the Dungeon.
You were not hungry.

You visited 1 branch of the dungeon, and saw 2 of its levels.

You collected 53 gold pieces.

Inventory:

Hand Weapons
 a - a +2 dagger (weapon)
Missiles
 d - 8 poisoned darts (quivered)
 e - 2 curare-tipped darts
Armour
 b - a +0 robe (worn)
 c - a +0 cloak (worn)
Jewellery
 i - a +2 ring of strength {unknown}
Scrolls
 g - a scroll of teleportation {unknown}
 h - a scroll of enchant armour {unknown}
 j - a scroll of noise {unknown}
 k - a scroll of blinking {unknown}
 l - a scroll of identify {unknown}
Comestibles
 f - 3 rations


   Skills:
 + Level 1.7 Fighting
 * Level 2.5 Short Blades
 - Level 2.1 Throwing
 + Level 1.8 Dodging
 + Level 5.9 Stealth


You had one spell level left.
You didn't know any spells.
Your spell library was empty.

Dungeon Overview and Level Annotations

Branches:
Dungeon (2/15)

Altars:


Innate Abilities, Weirdness & Mutations

You are very small and have problems with some larger weapons.
You are too small for most types of armour.
You have supernaturally acute eyesight. (SInv)
You are a herbivore.
You cover ground extremely quickly.
You need to consume almost no food.


Message History

The quokka is heavily wounded.
The quokka bites you.
* * * LOW HITPOINT WARNING * * *
There is a stone staircase leading up here.
Unknown command.
You climb upwards.
There is a stone staircase leading down here.
There is a stone staircase leading down here.
You climb downwards.
Found 19 gold pieces, a scroll labeled VIASCH XIDANIUKH and a ring mail.
There is a stone staircase leading up here.
A rat comes into view.
The helpless rat fails to defend itself.
You impale the rat!!
You kill the rat!
You have reached level 2!
There is a stone staircase leading up here.
You now have 53 gold pieces (gained 19).
l - a scroll labeled VIASCH XIDANIUKH Are you sure you want to abandon this character and quit the game? (Confirm with "yes".)

<........###.##.#####...##
.†..r<## #..............#
......# #.....##....##..
....$## #.......<.......
.....# #.....#####.....
....!######.....# ##[
.............####
....########..######..#
...## ##...@.....#
#######...# .#


There were no monsters in sight!

Vanquished Creatures
  A dart slug (D:1)
  4 bats (D:1)
  A kobold (D:2)
  A rat (D:2)
7 creatures vanquished.

Notes
Turn   | Place    | Note
-------+----------+-------------------------------------------
     0 | D:1      | Eurus the Spriggan Assassin began the quest for the Orb.
     0 | D:1      | Reached XP level 1. HP: 10/10 MP: 2/2
   455 | D:2      | Reached XP level 2. HP: 3/15 MP: 3/3
   475 | D:2      | Quit the game

Levels and vault maps discovered:
D:1:      heliophobic_arrival_ceremonial_halls, layout_rooms
D:2:      cheibrodos_pilgrimage, layout_rooms, doesnt_xom_only_xom,
          chequers_ecumenical_altar_simple_redux, minmay_misc_feat_room,
          hangedman_decor_growths

Action                   || total
-------------------------++-------
Melee: Dagger            ||    22
 Stab: Sleeping          ||     4
Dodge: Dodged            ||    14

Table legend:
 A = Non-vault XP
 B = Vault XP
 C = Vault XP percentage of total XP
 D = Non-vault monster count
 E = Vault monster count
 F = Vault count percentage of total count
                 A         B        C        D         E       F
            +---------+---------+-------+---------+---------+-------
      Total |      12 |       0 |   0.0 |       7 |       0 |   0.0
            +---------+---------+-------+---------+---------+-------
        D:1 |      10 |       0 |   0.0 |       5 |       0 |   0.0
        D:2 |       2 |       0 |   0.0 |       2 |       0 |   0.0
            +---------+---------+-------+---------+---------+-------
